 Dungeon Crawl Stone Soup version 0.21.1-1-g345015fe64 (webtiles) character file.

6165 P0ring the Basher (level 10, -3/136 HPs)
             Began as a Minotaur Berserker on Apr 20, 2018.
             Was a High Priest of Trog.
             Slain by a hornet (8 damage)
             ... on level 10 of the Dungeon.
             The game lasted 00:20:00 (6998 turns).

P0ring the Basher (Minotaur Berserker)              Turns: 6998, Time: 00:20:00

Health: -3/136     AC: 12    Str: 30    XL:     10   Next: 60%
Magic:  9/9        EV: 14    Int:  4    God:    Trog [*****.]
Gold:   505        SH: 11    Dex: 14    Spells: 9/9 levels left

rFire    . . .     SeeInvis .   M - +4 mace
rCold    + + .     Gourm    .   H - +3 buckler
rNeg     . . .     Faith    .   x - +2 ring mail "Orpho Vei" {rC++}
rPois    .         Spirit   .   (helmet restricted)
rElec    .         Reflect  +   w - +1 cloak
rCorr    +         Harm     .   (no gloves)
MR       .....                  n - +0 pair of boots
Stlth    ..........             g - +3 amulet of reflection
HPRegen  0.32/turn              a - ring of resist corrosion
MPRegen  0.11/turn              F - +4 ring of dexterity

@: berserking, slowed
A: retaliatory headbutt, horns 2
a: Berserk, Trog's Hand, Brothers in Arms, Burn Spellbooks, Renounce Religion


You were on level 10 of the Dungeon.
You worshipped Trog.
Trog was extremely pleased with you.
You were very hungry.

You visited 1 branch of the dungeon, and saw 10 of its levels.

You collected 505 gold pieces.

Inventory:

Hand Weapons
 M - a +4 mace (weapon)
Armour
 i - the +0 leather armour "Kocagurch" {*Corrode MR+ Int+4, unknown}
   (You found it on level 9 of the Dungeon)

   It affects your intelligence (+4).
   It affects your resistance to hostile enchantments.
   It may corrode you when you take damage.
 n - a +0 pair of boots (worn)
 w - a +1 cloak (worn)
 x - the +2 ring mail "Orpho Vei" (worn) {rC++}
   (You found it on level 4 of the Dungeon)

   It greatly protects you from cold.
 H - a +3 buckler (worn)
Jewellery
 a - a ring of resist corrosion (left hand)
 f - an uncursed ring of protection from fire
 g - a +3 amulet of reflection (around neck)
 j - an uncursed amulet of rage
 v - an uncursed ring of ice
 y - an uncursed ring of stealth
 F - a +4 ring of dexterity (right hand)
Wands
 e - a wand of disintegration (13)
 r - a wand of random effects (67)
 D - a wand of polymorph (12)
 G - a wand of acid (5)
 J - a wand of digging (11)
Scrolls
 b - a scroll of magic mapping
 d - a scroll of enchant armour
 o - 6 scrolls of teleportation
 p - a scroll of identify
 A - 5 scrolls of remove curse
Potions
 h - a potion of invisibility {unknown}
 k - a potion of agility {unknown}
 l - a potion of magic
 m - a potion of haste {unknown}
 q - 2 potions of curing
 u - 2 potions of ambrosia
 z - a potion of cancellation {unknown}
 C - 2 potions of heal wounds
 E - 2 potions of resistance
 I - a potion of might
Comestibles
 c - 24 rations
 s - 2 chunks of flesh


   Skills:
 + Level 9.3 Fighting
 + Level 12.6 Maces & Flails
 + Level 8.1 Armour
 + Level 5.9 Dodging
 + Level 2.6 Stealth
 + Level 5.2 Shields


You had 9 spell levels left.
You didn't know any spells.

Dungeon Overview and Level Annotations

Branches:
Dungeon (10/15)            Temple (0/1) D:7            Lair (0/6) D:8
    Orc: D:9-12

Altars:
Ashenzari
Cheibriados
Dithmenos
Elyvilon
Fedhas
Gozag
Hepliaklqana
Kikubaaqudgha
Qazlal
Sif Muna

Shops:
D:7 :[=[[


Innate Abilities, Weirdness & Mutations

You reflexively headbutt those who attack you in melee.
You have a pair of horns on your head.


Message History

The hornet stings you!
You suddenly lose the ability to move!
The two-headed ogre hits you with a giant club!
The two-headed ogre hits you with a giant spiked club.
The hornet stings you.
You feel as though you will be slow longer.
The hornet stings you!
You feel as though you will be slow longer.
The two-headed ogre hits you with a giant club!
* * * LOW HITPOINT WARNING * * *
The two-headed ogre hits you with a giant spiked club!!
* * * LOW HITPOINT WARNING * * *
The hornet stings you!
* * * LOW HITPOINT WARNING * * *
You feel as though you will be slow longer.
You can move again.
You are too berserk!
You thump the two-headed ogre!
The two-headed ogre is moderately wounded.
The hornet stings you!
You die...

#.(..........
############............
..........(....(........
........................
.................(..>...
.....?............).....
$.......................
.....$yO................
.......@..............).
......................(.
######################..
#.. #.. #.. #.. #.. ###


You could see a two-headed ogre and a hornet.

Vanquished Creatures
  2 two-headed ogres (D:9)
  The ghost of ysobel the Spear-Bearer, a novice MfGl of Wu Jian (D:8)
  A troll (D:10)
  Sigmund (D:2)
  A wraith (D:10)
  3 yaks (D:9)
  3 orc warriors
  An ice beast (D:6)
  3 phantoms
  2 black bears
  3 ogres
  The ghost of 4FPSwarrior the Distorting Demonspawn, an amateur DsAK of Lugonu (D:3)
  3 centaurs
  4 bullfrogs
  4 scorpions
  2 killer bees (D:9)
  4 wights (D:7)
  A howler monkey (D:8)
  A crimson imp (D:6)
  A bullfrog zombie (D:10)
  2 hounds
  A quasit (D:10)
  5 orc priests
  4 jellies
  A bullfrog skeleton (D:10)
  Jessica (D:2)
  An iguana (D:7)
  7 orc wizards
  Natasha (D:3)
  7 worker ants
  A killer bee zombie (D:6)
  A hound skeleton (D:5)
  A howler monkey zombie (D:7)
  12 adders
  3 shadow imps
  9 oozes
  An adder skeleton (D:8)
  4 worms
  4 dart slugs
  6 leopard geckos
  28 orcs
  6 giant cockroaches
  5 goblins
  10 hobgoblins
  3 quokkas
  9 bats
  4 frilled lizards
  A jackal skeleton (D:3)
  8 kobolds
  7 rats
195 creatures vanquished.

Vanquished Creatures (others)
  2 fungi (D:8)
2 creatures vanquished.

Grand Total: 197 creatures vanquished

Notes
Turn   | Place    | Note
-------+----------+-------------------------------------------
     0 | D:1      | P0ring the Minotaur Berserker began the quest for the Orb.
     0 | D:1      | Reached XP level 1. HP: 19/19 MP: 0/0
   160 | D:1      | Reached skill level 4 in Maces & Flails
   160 | D:1      | Reached XP level 2. HP: 24/27 MP: 1/1
   519 | D:1      | Reached XP level 3. HP: 30/33 MP: 2/2
   802 | D:2      | Reached ** piety under Trog
   868 | D:2      | Reached XP level 4. HP: 37/41 MP: 3/3
   884 | D:2      | Found a shadowy altar of Dithmenos.
  1026 | D:2      | Noticed Jessica
  1031 | D:2      | Killed Jessica
  1031 | D:2      | Reached skill level 5 in Maces & Flails
  1045 | D:2      | Noticed Sigmund
  1054 | D:2      | Killed Sigmund
  1054 | D:2      | Reached skill level 5 in Fighting
  1054 | D:2      | Reached skill level 6 in Maces & Flails
  1054 | D:2      | Reached XP level 5. HP: 46/48 MP: 4/4
  1054 | D:2      | Reached XP level 6. HP: 53/56 MP: 5/5
  1456 | D:3      | Noticed 4FPSwarrior's ghost (amateur DsAK)
  1475 | D:3      | Killed 4FPSwarrior's ghost
  1960 | D:3      | Noticed Natasha
  1972 | D:3      | Killed Natasha
  1972 | D:3      | Reached *** piety under Trog
  2038 | D:3      | Found a snail-covered altar of Cheibriados.
  2088 | D:3      | Reached skill level 1 in Stealth
  2309 | D:4      | Reached skill level 7 in Maces & Flails
  2309 | D:4      | Reached XP level 7. HP: 50/62 MP: 6/6
  2354 | D:4      | Got a translucent ring mail
  2365 | D:4      | Identified the +2 ring mail "Orpho Vei" {rC++} (You found it on level 4 of the Dungeon)
  2443 | D:4      | Received a gift from Trog
  2521 | D:4      | Reached skill level 5 in Armour
  2665 | D:4      | Found a white marble altar of Elyvilon.
  2679 | D:4      | Found a deep blue altar of Sif Muna.
  2690 | D:4      | Found a blossoming altar of Fedhas.
  2752 | D:4      | Found a hazy altar of Hepliaklqana.
  2824 | D:4      | Found a stormy altar of Qazlal.
  2867 | D:5      | Entered Level 5 of the Dungeon
  2978 | D:5      | Found a white marble altar of Elyvilon.
  3047 | D:5      | Found a shattered altar of Ashenzari.
  3920 | D:6      | Reached skill level 1 in Shields
  3934 | D:6      | Reached skill level 8 in Maces & Flails
  3934 | D:6      | Reached XP level 8. HP: 69/71 MP: 7/7
  3964 | D:6      | Found an ancient bone altar of Kikubaaqudgha.
  3971 | D:6      | Found an opulent altar of Gozag.
  4106 | D:6      | Reached **** piety under Trog
  4502 | D:7      | Found Hoegek's Armour Boutique.
  4531 | D:7      | Found Iryush's Armour Emporium.
  4718 | D:7      | Reached skill level 9 in Maces & Flails
  4774 | D:7      | Found a staircase to the Ecumenical Temple.
  4785 | D:7      | Received a gift from Trog
  4975 | D:7      | Found Haeres's Armour Boutique.
  4979 | D:7      | Found Ymaig's Jewellery Emporium.
  5015 | D:7      | Found Geqiuhum's Book Boutique.
  5130 | D:8      | Noticed ysobel's ghost (novice MfGl)
  5148 | D:8      | Killed ysobel's ghost
  5148 | D:8      | Reached skill level 10 in Maces & Flails
  5148 | D:8      | Reached skill level 5 in Dodging
  5148 | D:8      | Reached XP level 9. HP: 59/79 MP: 8/8
  6091 | D:8      | Found a staircase to the Lair.
  6096 | D:8      | Reached skill level 11 in Maces & Flails
  6220 | D:9      | Noticed a two-headed ogre
  6227 | D:9      | Killed a two-headed ogre
  6227 | D:9      | Reached XP level 10. HP: 90/90 MP: 9/9
  6440 | D:9      | Reached ***** piety under Trog
  6473 | D:9      | Reached skill level 12 in Maces & Flails
  6610 | D:9      | Noticed a two-headed ogre
  6619 | D:9      | Killed a two-headed ogre
  6851 | D:9      | Got a slimy leather armour
  6885 | D:10     | Entered Level 10 of the Dungeon
  6897 | D:10     | Reached skill level 5 in Shields
  6987 | D:10     | Noticed a two-headed ogre
  6995 | D:10     | Paralysed by a hornet for 2 turns
  6997 | D:10     | HP: 5/136 [hornet (13)]
  6998 | D:10     | Slain by a hornet

Skill      XL: |  1  2  3  4  5  6  7  8  9 10 |
---------------+-------------------------------+-----
Maces & Flails | 4 6 7 8 10 11 12 | 12.6
Fighting       | 4 5 6 7 8 9 |  9.3
Armour         | 3 4 5 6 7 8 |  8.1
Dodging        | 3 5 |  5.9
Stealth        | 1 2 |  2.6
Shields        | 1 3 4 5 |  5.2

Action                   |  1- 3 |  4- 6 |  7- 9 | 10-12 || total
-------------------------+-------+-------+-------+-------++-------
Melee: Mace              |    61 |   118 |   297 |    95 ||   571
       Headbutt          |    12 |    15 |    73 |    22 ||   122
Invok: Berserk           |       |     1 |     4 |     1 ||     6
       Burn Spellbooks   |       |       |     1 |       ||     1
  Use: Scroll            |       |       |    15 |     1 ||    16
 Stab: Sleeping          |       |       |     2 |       ||     2
       Distracted        |       |       |       |     1 ||     1
  Eat: Chunk             |       |     6 |    13 |     2 ||    21
       Ration            |       |       |     1 |       ||     1
Armor: Animal skin       |     4 |       |       |       ||     4
       Scale mail        |     6 |    45 |     2 |       ||    53
       Ring mail         |       |       |    84 |    21 ||   105
Dodge: Dodged            |    48 |    65 |   122 |    34 ||   269
Block: Buckler           |       |     2 |    53 |    41 ||    96
       Reflection        |       |       |       |     3 ||     3
